General information
- name: BNet
- type: Ladder team game (AT/RT)
- host: Battle.net
- saver: Ze.Rath3isaFaig
map: Battleground
- players: 8
- length: 21:01
- speed: Fast
- version: 1.25 W3XP
- replay type: Public
» download(199 KB)
Players
team 1 (loser)
moviescenes (
purple | 98 APM | 1965 actions | 20:01)
5 Death Knight
3 Death Coil
2 Unholy Aura
3 Lich
2 Frost Nova
1 Frost Armor
» actions
| Assign group hotkey | 77 | |
| Basic commands | 181 | |
| Build / train | 54 | |
| Enter build submenu | 12 | |
| Enter hero's abilities submenu | 8 | |
| Give item / drop item | 1 | |
| Right click | 746 | |
| Select / deselect | 308 | |
| Select group hotkey | 474 | |
| Use ability | 104 | |
1965 total
» units
| Acolyte | 2 | |
| Ghoul | 3 | |
| Crypt Fiend | 12 | |
| Obsidian Statue | 6 | |
23 total
» upgrades
| Creature Attack | 2 | |
| Burrow | 1 | |
| Destroyer Form | 1 | |
| Creature Carapace | 2 | |
| Web | 1 | |
7 total
» buildings
| Graveyard | 1 | |
| Crypt | 2 | |
| Altar of Darkness | 1 | |
| Ziggurat | 6 | |
| Tomb of Relics | 1 | |
| Halls of the Dead | 1 | |
| Black Citadel | 1 | |
| Slaughterhouse | 1 | |
| Spirit Tower | 1 | |
15 total
» build order
00:11 Graveyard
00:14 Crypt
00:43 Altar of Darkness
00:57 Ziggurat
01:32 Tomb of Relics
02:00 Ziggurat
04:12 Halls of the Dead
04:27 Ziggurat
05:43 Ziggurat
07:00 Black Citadel
08:04 Slaughterhouse
10:48 Ziggurat
16:24 Crypt
17:47 Ziggurat
18:49 Spirit Tower
» items
| Rod of Necromancy | 2 | |
| Scroll of Town Portal | 3 | |
| Orb of Corruption | 1 | |
| Scroll of Healing | 2 | |
| Potion of Lesser Invulnerability | 1 | |
| Potion of Healing | 2 | |
11 total
VaNiLLa. (
red | 104 APM | 2176 actions | 20:56)
5 Death Knight
3 Death Coil
2 Unholy Aura
3 Lich
2 Frost Nova
1 Frost Armor
2 Dark Ranger
1 Silence
1 Life Drain
» actions
| Assign group hotkey | 111 | |
| Basic commands | 5 | |
| Build / train | 70 | |
| ESC pressed | 5 | |
| Enter build submenu | 14 | |
| Enter hero's abilities submenu | 10 | |
| Give item / drop item | 1 | |
| Right click | 839 | |
| Select / deselect | 472 | |
| Select group hotkey | 543 | |
| Use ability | 106 | |
2176 total
» units
| Acolyte | 2 | |
| Ghoul | 4 | |
| Crypt Fiend | 22 | |
| Obsidian Statue | 1 | |
29 total
» upgrades
| Creature Attack | 3 | |
| Creature Carapace | 1 | |
| Web | 1 | |
| Burrow | 1 | |
| Destroyer Form | 1 | |
7 total
» buildings
| Graveyard | 1 | |
| Crypt | 1 | |
| Altar of Darkness | 1 | |
| Ziggurat | 6 | |
| Tomb of Relics | 1 | |
| Nerubian Tower | 2 | |
| Halls of the Dead | 2 | |
| Black Citadel | 2 | |
| Sacrificial Pit | 1 | |
| Boneyard | 1 | |
| Slaughterhouse | 2 | |
20 total
» build order
00:13 Graveyard
00:19 Crypt
00:45 Altar of Darkness
00:58 Ziggurat
01:20 Tomb of Relics
02:06 Ziggurat
02:35 Nerubian Tower
03:50 Ziggurat
04:44 Halls of the Dead
04:45 Halls of the Dead
05:29 Ziggurat
07:44 Black Citadel
07:44 Black Citadel
08:11 Sacrificial Pit
08:13 Ziggurat
10:19 Boneyard
12:05 Ziggurat
13:37 Slaughterhouse
16:32 Slaughterhouse
» items
| Rod of Necromancy | 2 | |
| Potion of Healing | 3 | |
| Scroll of Speed | 1 | |
| Scroll of Town Portal | 2 | |
8 total

»
Mammouth_Junior (
orange | 70 APM | 1467 actions | 20:59)
4 Priestess of the Moon
2 Trueshot Aura
2 Searing Arrows
» actions
| Basic commands | 31 | |
| Build / train | 82 | |
| Enter build submenu | 29 | |
| Enter hero's abilities submenu | 4 | |
| Remove unit from queue | 1 | |
| Right click | 749 | |
| Select / deselect | 484 | |
| Use ability | 87 | |
1467 total
» units
| Wisp | 34 | |
| Archer | 4 | |
| Huntress | 1 | |
| Druid of the Claw | 8 | |
| Dryad | 12 | |
59 total
» upgrades
| Abolish Magic | 1 | |
| Druid of the Claw Training | 2 | |
| Strength of the Wild | 2 | |
| Reinforced Hides | 1 | |
| Mark of the Claw | 1 | |
| Nature's Blessing | 1 | |
8 total
» buildings
| Altar of Elders | 1 | |
| Ancient of War | 1 | |
| Moon Well | 6 | |
| Ancient of Wonders | 1 | |
| Tree of Ages | 1 | |
| Hunter's Hall | 1 | |
| Ancient Protector | 11 | |
| Ancient of Lore | 2 | |
| Tree of Eternity | 1 | |
| Tree of Life | 1 | |
26 total
» build order
00:20 Altar of Elders
00:34 Ancient of War
00:47 Moon Well
01:53 Moon Well
02:16 Ancient of Wonders
02:28 Moon Well
03:18 Moon Well
03:45 Tree of Ages
04:24 Hunter's Hall
04:49 Moon Well
05:29 Ancient Protector
06:17 Ancient Protector
06:31 Ancient of Lore
07:19 Ancient of Lore
07:22 Moon Well
08:04 Tree of Eternity
08:48 Tree of Life
10:08 Ancient Protector
12:17 Ancient Protector
12:24 Ancient Protector
12:42 Ancient Protector
12:58 Ancient Protector
13:13 Ancient Protector
13:18 Ancient Protector
13:37 Ancient Protector
13:41 Ancient Protector
» items
| Scroll of Town Portal | 3 | |
| Potion of Healing | 3 | |
| Orb of Venom | 1 | |
7 total

»
infoe (
teal | 65 APM | 1359 actions | 20:55)
4 Tauren Chieftain
2 War Stomp
2 Endurance Aura
2 Shadow Hunter
1 Healing Wave
1 Hex
» actions
| Assign group hotkey | 48 | |
| Basic commands | 70 | |
| Build / train | 61 | |
| ESC pressed | 3 | |
| Enter build submenu | 22 | |
| Enter hero's abilities submenu | 6 | |
| Right click | 313 | |
| Select / deselect | 312 | |
| Select group hotkey | 453 | |
| Use ability | 71 | |
1359 total
» units
| Peon | 11 | |
| Grunt | 7 | |
| Spirit Walker | 1 | |
| Forest Troll Shadow Priest | 1 | |
| Shaman | 10 | |
| Tauren | 9 | |
39 total
» upgrades
| Spiked Barricades | 1 | |
| Melee Weapons | 1 | |
| Armor | 1 | |
| Shaman Training | 2 | |
| Pulverize | 1 | |
6 total
» buildings
| Altar of Storms | 1 | |
| Orc Burrow | 8 | |
| Barracks | 1 | |
| War Mill | 1 | |
| Voodoo Lounge | 2 | |
| Watch Tower | 3 | |
| Stronghold | 1 | |
| Spirit Lodge | 1 | |
| Fortress | 1 | |
| Tauren Totem | 2 | |
21 total
» build order
00:25 Altar of Storms
00:41 Orc Burrow
00:56 Barracks
01:41 War Mill
01:52 Orc Burrow
02:20 Voodoo Lounge
03:25 Orc Burrow
03:39 Watch Tower
03:50 Stronghold
04:19 Watch Tower
04:50 Watch Tower
06:24 Spirit Lodge
06:48 Fortress
07:06 Orc Burrow
09:15 Tauren Totem
09:22 Tauren Totem
11:25 Orc Burrow
11:27 Orc Burrow
11:50 Orc Burrow
13:50 Orc Burrow
14:01 Voodoo Lounge
» items
| Healing Salve | 2 | |
| Lesser Clarity Potion | 2 | |
| Scroll of Speed | 1 | |
| Scroll of Town Portal | 1 | |
6 total
team 2 (winner)
O_o (
blue | 121 APM | 2540 actions | 21:00)
6 Death Knight
3 Death Coil
2 Unholy Aura
1 Animate Dead
4 Lich
2 Frost Nova
2 Frost Armor
4 Pit Lord
2 Rain of Fire
2 Howl of Terror
» actions
| Assign group hotkey | 30 | |
| Basic commands | 31 | |
| Build / train | 74 | |
| Enter build submenu | 15 | |
| Enter hero's abilities submenu | 14 | |
| Give item / drop item | 5 | |
| Right click | 1262 | |
| Select / deselect | 318 | |
| Select group hotkey | 675 | |
| Use ability | 116 | |
2540 total
» units
| Acolyte | 2 | |
| Ghoul | 3 | |
| Crypt Fiend | 7 | |
| Frost Wyrm | 7 | |
19 total
» upgrades
| Burrow | 1 | |
| Creature Attack | 2 | |
| Web | 1 | |
| Freezing Breath | 1 | |
5 total
» buildings
| Graveyard | 1 | |
| Crypt | 1 | |
| Altar of Darkness | 1 | |
| Ziggurat | 6 | |
| Tomb of Relics | 1 | |
| Halls of the Dead | 3 | |
| Black Citadel | 4 | |
| Sacrificial Pit | 1 | |
| Boneyard | 2 | |
20 total
» build order
00:20 Graveyard
00:25 Crypt
00:53 Altar of Darkness
01:04 Ziggurat
01:21 Tomb of Relics
02:04 Ziggurat
04:22 Halls of the Dead
04:23 Halls of the Dead
04:27 Ziggurat
06:20 Ziggurat
06:56 Black Citadel
06:56 Black Citadel
08:46 Sacrificial Pit
09:53 Boneyard
10:53 Boneyard
11:08 Ziggurat
14:21 Ziggurat
» items
| Rod of Necromancy | 2 | |
| Dust of Appearance | 1 | |
| Scroll of Town Portal | 2 | |
| Potion of Lesser Invulnerability | 1 | |
| Scroll of Healing | 1 | |
| Orb of Corruption | 3 | |
| Potion of Mana | 1 | |
11 total
Ze.Rath3isaFaig (
pink | 89 APM | 1873 actions | 21:01)
5 Death Knight
3 Death Coil
2 Unholy Aura
4 Dark Ranger
2 Black Arrow
2 Silence
» actions
| Assign group hotkey | 22 | |
| Basic commands | 480 | |
| Build / train | 67 | |
| Enter build submenu | 13 | |
| Enter hero's abilities submenu | 9 | |
| Give item / drop item | 2 | |
| Right click | 585 | |
| Select / deselect | 263 | |
| Select group hotkey | 359 | |
| Use ability | 73 | |
1873 total
» units
| Acolyte | 2 | |
| Ghoul | 3 | |
| Crypt Fiend | 11 | |
| Obsidian Statue | 4 | |
| Frost Wyrm | 3 | |
23 total
» upgrades
| Creature Attack | 3 | |
| Creature Carapace | 2 | |
| Web | 1 | |
| Destroyer Form | 1 | |
7 total
» buildings
| Graveyard | 1 | |
| Ziggurat | 5 | |
| Crypt | 1 | |
| Altar of Darkness | 1 | |
| Tomb of Relics | 1 | |
| Nerubian Tower | 3 | |
| Halls of the Dead | 1 | |
| Black Citadel | 2 | |
| Sacrificial Pit | 1 | |
| Slaughterhouse | 2 | |
| Spirit Tower | 2 | |
| Boneyard | 1 | |
21 total
» build order
03:05 Graveyard
03:11 Ziggurat
03:19 Crypt
03:21 Altar of Darkness
03:29 Ziggurat
03:42 Tomb of Relics
04:05 Ziggurat
04:17 Nerubian Tower
04:18 Nerubian Tower
06:11 Halls of the Dead
09:50 Black Citadel
09:50 Black Citadel
11:52 Sacrificial Pit
11:53 Slaughterhouse
12:02 Spirit Tower
12:04 Spirit Tower
12:12 Slaughterhouse
13:21 Boneyard
14:26 Ziggurat
14:27 Ziggurat
» items
| Rod of Necromancy | 1 | |
| Potion of Healing | 1 | |
| Scroll of Town Portal | 3 | |
| Scroll of Healing | 2 | |
| Scroll of Protection | 1 | |
8 total
CoachDan (
yellow | 44 APM | 932 actions | 21:00)
6 Archmage
3 Blizzard
2 Brilliance Aura
1 Mass Teleport
» actions
| Assign group hotkey | 39 | |
| Basic commands | 35 | |
| Build / train | 63 | |
| Enter build submenu | 23 | |
| Enter hero's abilities submenu | 6 | |
| Remove unit from queue | 1 | |
| Right click | 345 | |
| Select / deselect | 229 | |
| Select group hotkey | 117 | |
| Use ability | 74 | |
932 total
» units
| Peasant | 12 | |
| Footman | 12 | |
| Forest Troll Shadow Priest | 1 | |
| Gryphon Rider | 9 | |
| Knight | 2 | |
36 total
» upgrades
| Defend | 1 | |
| Lumber Harvesting | 1 | |
| Storm Hammers | 1 | |
| Swords | 1 | |
| Cloud | 1 | |
5 total
» buildings
| Barracks | 1 | |
| Altar of Kings | 4 | |
| Farm | 8 | |
| Lumber Mill | 1 | |
| Arcane Vault | 1 | |
| Keep | 1 | |
| Blacksmith | 1 | |
| Scout Tower | 2 | |
| Castle | 1 | |
| Guard Tower | 2 | |
| Gryphon Aviary | 2 | |
24 total
» build order
00:20 Barracks
00:21 Altar of Kings
00:49 Farm
01:32 Farm
01:41 Farm
01:53 Lumber Mill
02:24 Arcane Vault
05:22 Keep
05:27 Blacksmith
05:53 Farm
06:51 Farm
06:53 Farm
08:04 Scout Tower
08:05 Scout Tower
08:26 Castle
08:36 Guard Tower
08:45 Guard Tower
09:56 Altar of Kings
10:03 Altar of Kings
10:14 Gryphon Aviary
10:16 Gryphon Aviary
10:23 Farm
10:27 Farm
15:01 Altar of Kings
» items
| Scroll of Regeneration | 8 | |
| Potion of Healing | 1 | |
| Scroll of Town Portal | 1 | |
10 total
UD_ (
green | 53 APM | 1116 actions | 21:00)
4 Death Knight
2 Death Coil
2 Unholy Aura
2 Lich
1 Frost Nova
1 Frost Armor
4 Dark Ranger
2 Black Arrow
2 Life Drain
» actions
| Assign group hotkey | 3 | |
| Basic commands | 253 | |
| Build / train | 46 | |
| ESC pressed | 2 | |
| Enter build submenu | 15 | |
| Enter hero's abilities submenu | 10 | |
| Give item / drop item | 1 | |
| Right click | 367 | |
| Select / deselect | 200 | |
| Select group hotkey | 142 | |
| Use ability | 77 | |
1116 total
» units
| Acolyte | 2 | |
| Ghoul | 3 | |
| Crypt Fiend | 8 | |
| Obsidian Statue | 3 | |
| Frost Wyrm | 5 | |
21 total
» upgrades
» buildings
| Crypt | 1 | |
| Graveyard | 1 | |
| Altar of Darkness | 1 | |
| Ziggurat | 5 | |
| Tomb of Relics | 1 | |
| Halls of the Dead | 1 | |
| Spirit Tower | 1 | |
| Black Citadel | 1 | |
| Slaughterhouse | 1 | |
| Sacrificial Pit | 1 | |
| Boneyard | 2 | |
16 total
» build order
00:10 Crypt
00:15 Graveyard
00:21 Altar of Darkness
00:43 Ziggurat
01:22 Tomb of Relics
02:16 Ziggurat
04:20 Halls of the Dead
04:46 Ziggurat
05:52 Spirit Tower
06:22 Ziggurat
08:12 Black Citadel
08:15 Slaughterhouse
08:17 Ziggurat
10:30 Sacrificial Pit
13:17 Boneyard
13:20 Boneyard
» items
| Rod of Necromancy | 3 | |
| Scroll of Town Portal | 2 | |
| Orb of Corruption | 1 | |
6 total
Chat log
(00:02 / Allies) UD_: nice
(00:05 / All) O_o: WOW i found
(00:07 / All) O_o: WTFFFFFFFFFFFFFFFFF
(00:12 / All) infoe: nicee
(00:22 / All) moviescenes: ;o
(00:30 / All) O_o: wrong team sean :/
(00:31 / Allies) UD_: lame
(00:32 / Allies) CoachDan: i hate this fuckin prick
(00:33 / All) moviescenes: ^^
(00:42 / Allies) CoachDan: he always does this
(00:44 / Allies) CoachDan: hes a fucking idiot
(00:54 / Allies) CoachDan: told ya i cant get my hu icon lol
(00:54 / Allies) O_o: who?
(00:57 / Allies) O_o: ze.rath?
(01:15 / Allies) O_o: WAKE UP !!
(01:19 / Allies) CoachDan: hes always afk
(01:29 / Allies) UD_: rush my side
(01:33 / Allies) O_o: he always idles my channel
(01:43 / Allies) CoachDan: hes a faggot
(01:52 / Allies) UD_: 2fiends im goin here
(01:53 / All) O_o: is there really gonna be a reset soon?
(01:57 / All) moviescenes: i heard tonight
(02:01 / All) O_o: nice
(02:03 / All) moviescenes: thats the rumor
(02:05 / All) Mammouth_Junior: fuck
(02:07 / All) moviescenes: but blizz sucks ass so who knows
(02:07 / All) Mammouth_Junior: when?
(02:12 / Allies) UD_: doubt it
(02:17 / All) O_o: rank 1 solo here i come!
(02:18 / All) moviescenes: apparently blizz rep on west said it is so
(02:29 / All) VaNiLLa.: ill believe when i see
(02:37 / All) Mammouth_Junior: but when? like in 1 week%
(02:38 / All) moviescenes: heh my goal is to get good again at solo and league again but idk if i got time
(02:39 / All) moviescenes: xd
(02:51 / All) O_o: sean you were good back in 1.14
(02:57 / All) moviescenes: ^^
(02:59 / All) O_o: havent seen you play much since then so i wouldnt know
(03:08 / Allies) Ze.Rath3isaFaig: FUCK GOLD ME
(03:16 / All) moviescenes: wtf
(03:20 / Allies) O_o: about time you show up
(03:27 / Allies) Ze.Rath3isaFaig: yeah fuck didn't think i'd find
(03:47 / Allies) Ze.Rath3isaFaig: lol god they're dumb for not searching
(03:51 / Allies) Ze.Rath3isaFaig: i'm on the fucking outside too
(04:04 / All) moviescenes: come at me again biytch
(04:14 / Allies) UD_: had to take presure off pink
(05:51 / Allies) Ze.Rath3isaFaig: didn't think you rted blue, thought you only atd/soloed
(05:57 / Allies) O_o: i dont
(06:02 / Allies) O_o: but flipz wanted me to search
(06:06 / Allies) O_o: along with movie
(06:30 / Allies) Ze.Rath3isaFaig: well i'm rdy when you guys are
(06:38 / Allies) Ze.Rath3isaFaig: after this creep
(07:09 / Allies) CoachDan: coming green
(07:22 / Allies) Ze.Rath3isaFaig: out of there that creep wakes up lol
(07:41 / Allies) Ze.Rath3isaFaig: blue come now
(07:42 / Allies) Ze.Rath3isaFaig: distract
(07:49 / Allies) Ze.Rath3isaFaig: out yellow
(07:50 / Allies) UD_: imo ut dan
(08:02 / Allies) UD_: 4v2 we couldnt win
(08:13 / Allies) Ze.Rath3isaFaig: tehse idiots are all towered
(08:14 / Allies) O_o: lol they all towered
(08:28 / Allies) Ze.Rath3isaFaig: come
(08:29 / Allies) CoachDan: were fine
(09:08 / Allies) UD_: weres our tema
(09:37 / Allies) UD_: we got raped
(09:44 / Allies) CoachDan: naw
(09:49 / Allies) UD_: i did
(10:09 / Allies) Ze.Rath3isaFaig: go teal now
(10:24 / Allies) UD_: fight 4v2 for to long
(11:01 / Allies) CoachDan: let me lead
(11:14 / All) Mammouth_Junior: ya
(11:28 / Allies) Ze.Rath3isaFaig: coi lme
(11:40 / All) Ze.Rath3isaFaig: out
(11:54 / Allies) CoachDan: wow
(11:58 / Allies) Ze.Rath3isaFaig: coach dan lol
(12:03 / Allies) CoachDan: sup
(12:21 / Allies) Ze.Rath3isaFaig: get out of there green
(12:26 / Allies) Ze.Rath3isaFaig: omfg
(12:27 / Allies) Ze.Rath3isaFaig: this kid
(12:28 / Allies) UD_: stui
(12:33 / Allies) Ze.Rath3isaFaig: what are you doing?
(12:36 / All) moviescenes: green prob worst ud ive seen in rt
(12:47 / Allies) UD_: yeah im laggin so bad
(12:49 / All) Ze.Rath3isaFaig: he's like lost
(13:04 / Allies) UD_: hey pink eat my asshole
(13:10 / Allies) UD_: shut up or get tked fagget
(14:41 / Allies) Ze.Rath3isaFaig: rape him go
(15:51 / Allies) Ze.Rath3isaFaig: oput
(16:00 / Allies) Ze.Rath3isaFaig: blue out for now
(16:32 / Allies) CoachDan: stat
(16:42 / Allies) Ze.Rath3isaFaig: wtf is that
(16:45 / Allies) O_o: LOL
(16:49 / Allies) UD_: newb city
(16:55 / Allies) Ze.Rath3isaFaig: orange has an expo
(16:59 / Allies) Ze.Rath3isaFaig: good thiing he fucking blows though
(17:20 / Allies) Ze.Rath3isaFaig: go
(17:21 / Allies) Ze.Rath3isaFaig: tp all now
(17:39 / All) moviescenes: why does my team have like 3 uinits
(17:46 / All) Ze.Rath3isaFaig: rofl
(17:47 / All) Ze.Rath3isaFaig: the towers
(17:52 / Allies) CoachDan: HERE COME THE TOWERS
(19:25 / All) moviescenes: stop
(19:26 / All) moviescenes: hitting
(19:27 / All) moviescenes: ud heroes
(19:28 / All) moviescenes: u fuckl
(20:04 / All) Ze.Rath3isaFaig: rofl
(20:06 / All) Ze.Rath3isaFaig: chyeck the replay
(20:15 / All) Mammouth_Junior: we dont care
(20:20 / Allies) UD_: sorry guys was play265 ping
(20:22 / All) Ze.Rath3isaFaig: iw as afk at start for like 4 minutes